 Dungeon Crawl Stone Soup version 0.31-a0-636-ge1c0e020e0 (webtiles) character file.

Game seed: 3133776519662266829

392 Fodor the Covered (level 6, -6/56 HPs)
             Began as a Minotaur Fighter on Aug 27, 2023.
             Was an Initiate of Gozag.
             Mangled by a gnoll
             ... wielding a +0 halberd
              (8 damage)
             ... on level 5 of the Dungeon.
             The game lasted 00:17:36 (3563 turns).

Fodor the Covered (Minotaur Fighter)                Turns: 3563, Time: 00:17:37

Health: -6/56      AC: 12    Str: 23    XL:     6   Next: 50%
Magic:  5/5        EV:  6    Int:  5    God:    Gozag
Gold:   67         SH:  4    Dex:  9    Spells: 5/5 levels left

rFire   . . .        s - +2 war axe (venom)
rCold   + . .        c - +0 buckler
rNeg    . . .        r - +0 plate armour
rPois   .            (helmet restricted)
rElec   .            (no cloak)
rCorr   .            (no gloves)
SInv    .            (no boots)
Will    .....        (no amulet) Stlth
                     e - ring of protection from cold
HPRegen 0.29/turn    (no ring)
MPRegen 0.09/turn

%: no passive effects
@: gold aura, hasted, very quick
A: horns 2, retaliatory headbutt
a: Renounce Religion, Potion Petition, Call Merchant, Bribe Branch


You were on level 5 of the Dungeon.
You worshipped Gozag.
Gozag was noncommittal.
You visited 1 branch of the dungeon, and saw 5 of its levels.

You collected 251 gold pieces.
You spent 120 gold pieces at shops.
You paid 64 gold pieces to Gozag.

Inventory:

Hand Weapons
 h - a +0 war axe
 n - a +6 dagger of draining
 s - a +2 war axe of venom (weapon)
Missiles
 k - 14 poisoned darts (quivered)
 l - 6 darts of dispersal
Armour
 c - a +0 buckler (worn)
 r - a +0 plate armour (worn)
Jewellery
 e - a ring of protection from cold (left hand)
Wands
 m - a wand of quicksilver (7)
 q - a wand of roots (2)
 w - a wand of flame (10)
Scrolls
 a - 2 scrolls of enchant weapon {unknown}
 b - a scroll of amnesia {unknown}
 g - 8 scrolls of identify {unknown}
 i - a scroll of teleportation {unknown}
 o - 2 scrolls of fear {unknown}
 p - a scroll of blinking {unknown}
 t - 2 scrolls of revelation {unknown}
 v - a scroll of butterflies {unknown}
Potions
 d - a potion of might
 f - a potion of degeneration {unknown}
 j - 2 potions of haste
 u - a potion of berserk rage


   Skills:
 + Level 5.1 Fighting
 + Level 1.3(2.1) Short Blades
 + Level 2.7(2.9) Long Blades
 + Level 3.3 Axes
 + Level 5.8 Armour
 + Level 0.8 Dodging
 + Level 0.2 Stealth
 + Level 4.8 Shields


You had 5 spell levels left.
You didn't know any spells.
Your spell library was empty.

Dungeon Overview and Level Annotations

Branches:
Dungeon (5/15)
 Temple: D:4-7

Altars:
Gozag
Qazlal
Ru
Trog
Yredelemnul

Shops:
D:4 *   D:5 !


Innate Abilities, Weirdness & Mutations

You have a pair of horns on your head.
You reflexively headbutt those who attack you in melee.


Message History

12 gold pieces; a +0 spear; a +0 flail The gnoll attacks as it pursues you!
The gnoll hits you with a +0 whip!
Things that are here:
8 gold pieces; a +0 spear You barely miss the gnoll.
The gnoll hits you with a +0 whip! The gnoll hits you but does no damage.
You hit the gnoll.
The gnoll is heavily wounded.
The gnoll hits you with a +0 whip!
You slash the gnoll!
You kill the gnoll!
The gnoll is distracted by your dazzling golden aura.
You barely miss the gnoll.
The gnoll is no longer distracted by gold.
You headbutt the gnoll.
The gnoll is moderately wounded.
The gnoll barely misses you. The gnoll hits you with a +0 whip.
The gnoll hits you but does no damage.
You slash the gnoll!
The gnoll is poisoned.
Your headbutt misses the gnoll.
The gnoll is almost dead.
You block the gnoll's attack. The gnoll hits you but does no damage.
You hit the gnoll.
You kill the gnoll!
The gnoll hits you from afar with a +0 halberd!
* * * LOW HITPOINT WARNING * * *
The gnoll hits you with a +0 halberd.
* * * LOW HITPOINT WARNING * * *
Items here: $ ( )))).
You barely miss the gnoll. The gnoll hits you with a +0 halberd.
* * * LOW HITPOINT WARNING * * *
The gnoll hits you with a +0 halberd.
* * * LOW HITPOINT WARNING * * *
Unknown command.
The gnoll barely misses you.
Things that are here:
8 gold pieces; a +0 spear It was a potion of haste.
You feel yourself speed up.
The gnoll hits you from afar with a +0 halberd!
You die...
Your body crumbles into a pile of gold.

.#Y.# ##.(# # ....
.#..## .. ...##......
#. .......... #.
#.#....... .###.##
#...#.....
.......######∩....?...
#...@$g?.$.......
#######........O.
#.#........
...##....... .####
.^...S. # .......
....... ##.....


You could see a gnoll.

Vanquished Creatures
  A hound (D:4)
  An orc priest (D:4)
  Jessica (D:2)
  Terence (D:3)
  An orc wizard (D:4)
  Robin (D:3)
  5 adders
  9 gnolls
  2 ufetubi
  4 worms
  6 dart slugs
  7 orcs
  6 ball pythons
  5 endoplasms
  3 giant cockroaches
  9 goblins
  9 hobgoblins
  2 jackals (D:4)
  2 kobolds
  2 quokkas
  4 bats
  2 frilled lizards (D:1)
  A rat (D:2)
84 creatures vanquished.

Notes
Turn   | Place    | Note
-------+----------+-------------------------------------------
     0 | D:1      | Fodor the Minotaur Fighter began the quest for the Orb.
     0 | D:1      | Reached XP level 1. HP: 19/19 MP: 0/0
   185 | D:1      | Reached XP level 2. HP: 27/27 MP: 1/1
   384 | D:1      | Reached XP level 3. HP: 33/33 MP: 2/2
   905 | D:2      | Found a basalt altar of Yredelemnul.
   998 | D:2      | Reached skill level 1 in Axes
  1001 | D:2      | Reached XP level 4. HP: 18/41 MP: 3/3
  1381 | D:2      | Noticed Jessica
  1387 | D:2      | Killed Jessica
  1557 | D:3      | Found a sacrificial altar of Ru.
  1698 | D:3      | Noticed Robin
  1700 | D:3      | Noticed Terence
  1708 | D:3      | Reached skill level 5 in Armour
  1713 | D:3      | Killed Robin
  1714 | D:3      | Reached XP level 5. HP: 8/47 MP: 4/4
  1718 | D:3      | Killed Terence
  2274 | D:3      | Found a faded altar of an unknown god.
  2387 | D:3      | Found an opulent altar of Gozag.
  2790 | D:4      | Found Cadaiw's General Store.
  2813 | D:4      | Bought a potion of berserk rage for 50 gold pieces
  2861 | D:4      | Reached skill level 5 in Fighting
  2861 | D:4      | Reached skill level 1 in Short Blades
  2861 | D:4      | Reached XP level 6. HP: 51/56 MP: 5/5
  3017 | D:3      | Became a worshipper of Gozag Ym Sagoz the Greedy
  3097 | D:4      | Found a stormy altar of Qazlal.
  3156 | D:4      | Found a bloodstained altar of Trog.
  3505 | D:4      | Bought a wand of flame (10) for 70 gold pieces
  3523 | D:5      | Entered Level 5 of the Dungeon
  3523 | D:5      | Found Nobles's Distillery.
  3546 | D:5      | Noticed an ice beast
  3561 | D:5      | HP: 1/56 [gnoll/+0 halberd (4)]
  3563 | D:5      | Mangled by a gnoll

Illustrated notes

Levels and vault maps discovered:
D:1:      dpeg_arrival_round_a, layout_basic, minmay_pentomino_v4
D:2:      layout_loops_ring, basic_altar, serial_forest,
          infiniplex_forest_straight_1, infiniplex_forest_end_2,
          infiniplex_forest_end_2, infiniplex_forest_corner_2,
          infiniplex_forest_straight_2, uniq_jessica
D:3:      layout_loops_ring, nicolae_ru_awakened_eye,
          nicolae_overflow_hidden_temple, ebering_ecumenical_altar_hall,
          uniq_crazy_yiuf_cottage, uniq_robin, uniq_terence
D:4:      layout_gridville, mainiacjoe_overflow_tiny_flanked,
          mainiacjoe_overflow_boulevard, serial_shops,
          nicolae_shop_pleasant_corner_grove
D:5:      layout_rooms, minmay_temple_entry_offerings, serial_shops, shop,
          mrwooster_statue_mirror

Skill      XL: |  1  2  3  4  5  6 |
---------------+-------------------+-----
Fighting       | 4 5 |  5.1
Armour         | 4 5 |  5.8
Shields        | 4 |  4.8
Axes           | 1 2 3 |  3.3
Short Blades   | 1 |  1.3
Long Blades    | |  2.7
Dodging        | |  0.8
Stealth        | |  0.2

Action                     |  1- 3 |  4- 6 || total
---------------------------+-------+-------++-------
  Melee: War axe           |    54 |    97 ||   151
         Long sword        |     3 |       ||     3
         Headbutt          |     9 |    18 ||    27
         Dagger            |       |    36 ||    36
    Use: Potion            |       |     4 ||     4
 Armour: Scale mail        |    24 |    31 ||    55
         Plate armour      |       |    59 ||    59
  Dodge: Dodged            |    43 |    49 ||    92
  Block: Buckler           |     9 |    34 ||    43

Table legend: (Time is in decaauts)
 A = Elapsed time spent in this place.
 B = Non-inter-level travel time spent in this place.
 C = Inter-level travel time spent in this place.
 D = Time resting spent in this place.
 E = Time spent auto-exploring this place.
 F = Levels seen in this place.
 G = Mean time per level.
                   A        B        C        D        E       F      G
               +--------+--------+--------+--------+--------+-----+--------+
         Total |   3626 |   3415 |    211 |    190 |      0 |   5 |  725.2 |
       Dungeon |   3626 |   3415 |    211 |    190 |      0 |   5 |  725.2 |
               +--------+--------+--------+--------+--------+-----+--------+

Top non-repeatable levels by time:
     D:4: 1010 daAuts
     D:3: 979 daAuts
     D:2: 854 daAuts
     D:1: 735 daAuts
     D:5: 47 daAuts
